 Dungeon Crawl Stone Soup version 0.28-a0-938-gbc3f381ebc (webtiles) character file.

Game seed: 13474484187722716478

117 bearlyready the Slasher (level 4, 0/39 HPs)
             Began as a Minotaur Monk on Nov 30, 2021.
             Killed by nerve-wracking pain
             ... invoked by a shadow imp
             ... summoned by Natasha
              (13 damage)
             ... on level 2 of the Dungeon.
             The game lasted 00:02:50 (1715 turns).

bearlyready the Slasher (Minotaur Monk)             Turns: 1715, Time: 00:02:51

Health: 0/39       AC:  6    Str: 17    XL:     4   Next: 71%
Magic:  3/3        EV: 10    Int:  7    God:
Gold:   35         SH:  0    Dex: 12    Spells: 3/3 levels left

rFire   + . .      SeeInvis .   a - +0 falchion
rCold   + + .      Faith    .   (no shield)
rNeg    . . .      Spirit   .   q - +0 scale mail {rC+}
rPois   +          Reflect  .   (helmet restricted)
rElec   +          Harm     .   (no cloak)
rCorr   +          Rampage  .   (no gloves)
Will    .....                   (no boots)
Stlth   ..........              (no amulet)
HPRegen 0.13/turn               (no ring)
MPRegen 0.08/turn               (no ring)

@: resistant, slowed, very slow
A: horns 2, retaliatory headbutt
a: no special abilities


You were on level 2 of the Dungeon.
You visited 1 branch of the dungeon, and saw 2 of its levels.

You collected 35 gold pieces.

Inventory:

Hand Weapons
 a - a +0 falchion (weapon)
 b - a +0 hunting sling
Missiles
 c - 68 arrows
 l - 16 stones (quivered)
 p - 27 sling bullets
Armour
 e - a +0 robe
 j - a +0 ring mail
 q - a +0 scale mail of cold resistance (worn)
Wands
 m - a wand of flame (5)
Scrolls
 d - 2 scrolls of vulnerability {unknown}
 f - a scroll of silence {unknown}
 g - a scroll of amnesia {unknown}
 i - a scroll of identify {unknown}
 k - 3 scrolls of enchant armour {unknown}
 n - a scroll of enchant weapon {unknown}
Potions
 h - a potion of curing {unknown}


   Skills:
 - Level 3.6 Fighting
 + Level 6.7 Long Blades
 - Level 3.2 Dodging
 - Level 1.5 Stealth


You had 3 spell levels left.
You didn't know any spells.
Your spell library was empty.

Dungeon Overview and Level Annotations

Branches:
Dungeon (2/15)

Altars:

Shops:
D:2 =

Annotations:
D:2 Natasha


Innate Abilities, Weirdness & Mutations

You have a pair of horns on your head.
You reflexively headbutt those who attack you in melee.


Message History

You are too injured to fight recklessly!
You are too injured to fight recklessly!
You are too injured to fight recklessly!
You are too injured to fight recklessly!
You are too injured to fight recklessly!
You are too injured to fight recklessly!
You hit Natasha.
Natasha is heavily wounded.
The shadow imp hits you but does no damage.
Natasha casts a spell at you. You resist with some effort.
You hit Natasha but do no damage. You headbutt Natasha.
Natasha is severely wounded.
The shadow imp hits you. Natasha claws you.
You miss Natasha.
Natasha is severely wounded.
The crimson imp hits you. The shadow imp hits you.
Natasha claws you but does no damage.
You barely miss Natasha.
Natasha is severely wounded.
The crimson imp closely misses you. You furiously retaliate!
You headbutt the crimson imp, but do no damage.
The shadow imp hits you but does no damage.
Natasha casts a spell at you.
You feel yourself slow down.
You closely miss Natasha.
Natasha is severely wounded.
The crimson imp closely misses you. The shadow imp puffs mist at you.
The shadow imp closely misses you. You furiously retaliate!
You headbutt the shadow imp. Natasha claws you. The crimson imp hits you.
It was a potion of resistance.
You feel protected. The shadow imp barely misses you. You furiously retaliate!
You headbutt the shadow imp, but do no damage.
Natasha barely misses you.
The crimson imp hits you but does no damage.
The shadow imp gestures at you. Pain shoots through your body!
You die...

###### .....# ...#
####.# #..#
####.######## #..#
............> #$.#
##.#.######## #..#
##.#.# #..# ##.#)#
#5h###### ##.#.#
#.@5....# ##.#.#
##.####.# ##.#.#
#.#
##.#.###########.#
##.#.............#
# ###############
# # #########


You could see Natasha, a crimson imp (summoned) and a shadow imp (summoned).

Vanquished Creatures
  Terence (D:2)
  Natasha (D:2)
  3 adders (D:2)
  2 dart slugs (D:1)
  3 ball pythons
  3 bats
  5 endoplasms
  A giant cockroach (D:2)
  4 goblins
  A hobgoblin (D:2)
  3 jackals (D:1)
  A quokka (D:2)
  A frilled lizard (D:1)
  3 kobolds
  3 rats
35 creatures vanquished.

Notes
Turn   | Place    | Note
-------+----------+-------------------------------------------
     0 | D:1      | bearlyready the Minotaur Monk began the quest for the Orb.
     0 | D:1      | Reached XP level 1. HP: 19/19 MP: 0/0
   197 | D:1      | Reached skill level 4 in Long Blades
   373 | D:1      | Reached XP level 2. HP: 26/26 MP: 1/1
   961 | D:2      | Noticed Terence
   968 | D:2      | Killed Terence
   969 | D:2      | Reached skill level 5 in Long Blades
   969 | D:2      | Reached XP level 3. HP: 23/31 MP: 2/2
  1186 | D:2      | Found Tayrrif's Jewellery Shop.
  1186 | D:2      | Noticed Natasha
  1195 | D:2      | Killed Natasha
  1196 | D:2      | Reached skill level 6 in Long Blades
  1196 | D:2      | Reached XP level 4. HP: 27/39 MP: 3/3
  1701 | D:2      | Noticed Natasha
  1715 | D:2      | Killed from afar by a shadow imp

Illustrated notes

Levels and vault maps discovered:
D:1:      tarquinn_simple_flora_water_a, layout_loops_ring
D:2:      layout_basic, serial_shops, shop, chequers_hall_statues_wall_a,
          uniq_terence, uniq_natasha

Skill      XL: |  1  2  3 |
---------------+----------+-----
Long Blades    | 4 5 6 |  6.7
Fighting       | |  3.6
Dodging        | |  3.2
Stealth        | |  1.5

Action                   |  1- 3 |  4- 6 || total
-------------------------+-------+-------++-------
Melee: Falchion          |    52 |    45 ||    97
       Headbutt          |     4 |     8 ||    12
  Use: Potion            |       |     1 ||     1
 Stab: Sleeping          |     3 |       ||     3
Armor: Ring mail         |    18 |     5 ||    23
       Robe              |     2 |       ||     2
       Scale mail        |       |    12 ||    12
Dodge: Dodged            |    41 |    35 ||    76

Table legend: (Time is in decaauts)
 A = Elapsed time spent in this place.
 B = Non-inter-level travel time spent in this place.
 C = Inter-level travel time spent in this place.
 D = Time resting spent in this place.
 E = Time spent auto-exploring this place.
 F = Levels seen in this place.
 G = Mean time per level.
                   A        B        C        D        E       F      G
               +--------+--------+--------+--------+--------+-----+--------+
         Total |   1717 |   1631 |     86 |    128 |   1228 |   2 |  858.5 |
       Dungeon |   1717 |   1631 |     86 |    128 |   1228 |   2 |  858.5 |
               +--------+--------+--------+--------+--------+-----+--------+

Top non-repeatable levels by time:
     D:2: 900 daAuts
     D:1: 817 daAuts
